 Dungeon Crawl Stone Soup version 0.20.0-10-g0535bb4 (webtiles) character file.

65 poirepourri the Grave Robber (level 3, 0/24 HPs)
             Began as a Demonspawn Necromancer on June 3, 2017.
             Slain by a worm (11 damage)
             ... on level 1 of the Dungeon.
             The game lasted 00:04:16 (2490 turns).

poirepourri the Grave Robber (DsNe)                 Turns: 2490, Time: 00:04:17

Health: 0/24       AC:  8    Str:  8    XL:     3   Next: 92%
Magic:  0/7        EV: 12    Int: 17    God:
Gold:   61         SH:  0    Dex: 13    Spells: 0/8 levels left

rFire    . . .     SeeInvis .   f - +0 mace
rCold    . . .     Gourm    .   (no shield)
rNeg     . . .     Faith    .   a - +0 robe
rPois    .         Spirit   +   (no helmet)
rElec    .         Reflect  .   m - +2 cloak {+Inv}
rCorr    .         Harm     .   (no gloves)
MR       .....                  h - +2 pair of boots
Stlth    ++........             (no amulet)
Regen    0.1/turn               (no ring)
MPRegen  0.1/turn               (no ring)

@: no status effects
A: magic shield, rot immunity
a: Evoke Invisibility


You were on level 1 of the Dungeon.
You were full.

You visited 1 branch of the dungeon, and saw 2 of its levels.

You collected 61 gold pieces.

Inventory:

Hand Weapons
 f - a +0 mace (weapon)
Armour
 a - a +0 robe (worn)
 h - a +2 pair of boots (worn)
 m - a +2 cloak of invisibility (worn)
Scrolls
 d - 3 scrolls of remove curse
 k - a scroll of blinking
Potions
 c - a potion of flight {unknown}
 e - a potion of brilliance {unknown}
 g - a potion of lignification {unknown}
 j - a potion of invisibility {unknown}
 l - a potion of magic {unknown}
 p - a potion of ambrosia {unknown}
Books
 b - a book of Necromancy

   Spells                             Type                      Level
   a - Pain                           Necromancy                   1
   b - Animate Skeleton               Necromancy                   1
   c - Vampiric Draining              Necromancy                   3
   d - Regeneration                   Charms/Necromancy            3
   e - Animate Dead                   Necromancy                   4
   f - Control Undead                 Necromancy                   4
Comestibles
 i - a meat ration


   Skills:
 + Level 0.2 Fighting
 + Level 1.8 Dodging
 - Level 1.7 Stealth
 * Level 3.1 Spellcasting
 + Level 5.2 Necromancy


You couldn't memorise any spells.
You knew the following spells:

 Your Spells              Type           Power        Failure   Level  Hunger
a - Pain                  Necr           ###.         1%          1    None
b - Animate Skeleton      Necr           N/A          1%          1    None
c - Vampiric Draining     Necr           ###.......   6%          3    ###....
d - Regeneration          Chrm/Necr      ##........   19%         3    ###....


Dungeon Overview and Level Annotations

Branches:
Dungeon (2/15)

Altars:


Innate Abilities, Weirdness & Mutations

When hurt, damage is shared between your health and your magic reserves.
You are immune to rotting.


Message History

Casting: Pain
Confirm with . or Enter, or press ? or * to list all spells.
Aiming: Pain
Press: ? - help, Shift-Dir - straight line, f/p - worm
Aim: a worm (severely wounded, chance to defeat MR: 85%)
The worm writhes in agony!
Casting: Pain
Confirm with . or Enter, or press ? or * to list all spells.
You don't have enough magic to cast that spell.
Unknown command.
You hit the worm but do no damage.
The worm is almost dead.
The worm closely misses you.
You completely miss the worm.
The worm is severely wounded.
The worm bites you.
You hit the worm.
The worm is severely wounded.
The worm bites you!
You die...

##################
...............w@#
.....###########.#
...........#.....#
.....#####.#.#####
.....# #...#####
.....# ####....)#
.....# #........#
.....# #.##.....#
####.# #.##.....#


You could see a worm.

Vanquished Creatures
  An ooze (D:1)
  A worm (D:2)
  3 dart slugs
  A leopard gecko (D:2)
  4 giant cockroaches
  3 goblins
  6 hobgoblins (D:1)
  6 jackals (D:1)
  5 kobolds
  2 ball pythons
  5 bats
  3 frilled lizards
  4 rats (D:1)
44 creatures vanquished.

Vanquished Creatures (collateral kills)
  A bat (D:1)
  2 jackals (D:1)
3 creatures vanquished.

Grand Total: 47 creatures vanquished

Notes
Turn   | Place    | Note
-------+----------+-------------------------------------------
     0 | D:1      | poirepourri the Demonspawn Necromancer began the quest for the Orb.
     0 | D:1      | Reached XP level 1. HP: 13/13 MP: 3/3
   472 | D:1      | Learned a level 1 spell: Animate Skeleton
   798 | D:1      | Gained mutation: When hurt, damage is shared between your health and your magic reserves. [demonic ancestry]
   798 | D:1      | Reached XP level 2. HP: 19/19 MP: 3/5
  1217 | D:1      | Gained mutation: You are immune to rotting. [demonic ancestry]
  1217 | D:1      | Reached XP level 3. HP: 16/24 MP: 0/7
  1374 | D:1      | Reached skill level 5 in Necromancy
  1609 | D:1      | Learned a level 3 spell: Vampiric Draining
  2410 | D:2      | Learned a level 3 spell: Regeneration
  2490 | D:1      | Slain by a worm

Skill      XL: |  1  2  3 |
---------------+----------+-----
Necromancy     | 5 |  5.2
Spellcasting   | 3 |  3.1
Fighting       | |  0.2
Dodging        | |  1.8
Stealth        | |  1.7

Action                   || total
-------------------------++-------
Melee: Mace              ||    35
 Cast: Pain              ||    86
       Animate Skeleton  ||     2
  Use: Scroll            ||     7
       Potion            ||     1
  Eat: Bread ration      ||     1
       Meat ration       ||     1
Armor: Robe              ||    38
Dodge: Dodged            ||    50
